MID
KANNAPOLIS INTIMIDATORS @ GREENVILLE DRIVE
08/10/2044
 
TOP OF THE 1ST
Kannapolis Intimidators batting - Pitching for Greenville Drive : RHP Guillermo de Leon
Pitching: RHP Guillermo de Leon
Batting: LHB John Thurman 0-0: Called Strike
0-1: Swinging Strike
0-2: Ball
1-2: Ball
2-2: Ball
3-2: Strikes out looking
Batting: RHB Mike Warzecha 0-0: Called Strike
0-1: Called Strike
0-2: SINGLE (Groundball, 34D, EV 95.0 MPH)
Batting: LHB Dustin Taylor 0-0: Called Strike
0-1: DOUBLE (Line Drive, 78M, EV 93.8 MPH)
Mike Warzecha to third
Runner from 3rd tries for Home, SAFE, throw by LF to home
Batting: LHB Angel Tellez 0-0: Foul Ball, location: 2F
0-1: Swinging Strike
0-2: Foul Ball, location: 2F
0-2: Ball
1-2: Ball
2-2: SINGLE (Groundball, 6MD, EV 103.1 MPH) (infield hit)
Dustin Taylor to third
Batting: RHB Jose Medina 0-0: Called Strike
0-1: Ball
1-1: Ball
2-1: Foul Ball, location: 2F
2-2: Strikes out swinging
Batting: RHB Micah Brown 0-0: Ball
1-0: Foul Ball, location: 2F
1-1: Ground out U3 (Groundball, 3, EV 83.8 MPH)
Top of the 1st over - 1 run, 3 hits, 0 errors, 2 left on base; Kannapolis 1 - Greenville 0
BOTTOM OF THE 1ST
Greenville Drive batting - Pitching for Kannapolis Intimidators : LHP Victor Colon
Pitching: LHP Victor Colon
Batting: RHB John Chiesa 0-0: Called Strike
0-1: Ball
1-1: Ball
2-1: Foul Ball, location: 2F
2-2: Ground out 5-3 (Groundball, 56D, EV 80.0 MPH)
Batting: RHB Devon Fourcade 0-0: Ball
1-0: Foul Ball, location: 2F
1-1: SINGLE (Groundball, 4M, EV 103.1 MPH)
Batting: RHB Dave Nickerson 0-0: Foul Ball, location: 2F
0-1: Ball
1-1: Ball
2-1: Foul Ball, location: 2F
2-2: Ball
3-2: Foul Ball, location: 2F
3-2: Strikes out looking
Batting: RHB Paul Long 0-0: Called Strike
0-1: Called Strike
0-2: Ball
1-2: Foul Ball, location: 2F
1-2: Ground out 6-3 (Groundball, P, EV 84.4 MPH)
Bottom of the 1st over - 0 runs, 1 hit, 0 errors, 1 left on base; Kannapolis 1 - Greenville 0
TOP OF THE 2ND
Kannapolis Intimidators batting - Pitching for Greenville Drive : RHP Guillermo de Leon
Batting: LHB Alberto Carrasco 0-0: Ball
1-0: Swinging Strike
1-1: Ground out 1-3 (Groundball, 13S, EV 73.1 MPH)
Batting: RHB Tyrell Camp 0-0: Called Strike
0-1: Ball
1-1: Swinging Strike
1-2: Strikes out swinging
Batting: RHB Danny Longoria 0-0: Foul Ball, location: 2F
0-1: Ball
1-1: Called Strike
1-2: Strikes out looking
Top of the 2nd over - 0 runs, 0 hits, 0 errors, 0 left on base; Kannapolis 1 - Greenville 0
BOTTOM OF THE 2ND
Greenville Drive batting - Pitching for Kannapolis Intimidators : LHP Victor Colon
Batting: RHB Tommy Boudreaux 0-0: Ball
1-0: Called Strike
1-1: SINGLE (Groundball, 34D, EV 98.8 MPH)
Batting: LHB Jarrett Mordecai 0-0: Ball
1-0: Ball
2-0: Ball
3-0: Called Strike
3-1: Foul Ball, location: 2F
3-2: Foul Ball, location: 2F
3-2: Fielders Choice at 2nd, 1-4 (Groundball, 15S, EV 68.8 MPH)
Batting: LHB Sergio Tinoco 0-0: Called Strike
0-1: Ball
1-1: SINGLE (Groundball, 6MD, EV 91.2 MPH) (infield hit)
Jarrett Mordecai to second
Batting: LHB Tony Rivera 0-0: Ball
1-0: Swinging Strike
1-1: Called Strike
1-2: TRIPLE (Flyball, 89XD, EV 107.5 MPH)
Jarrett Mordecai scores
Sergio Tinoco scores
Batting: RHB Erik Nunez 0-0: Ball
1-0: Ball
2-0: Fly out, F9 (Flyball, 9, EV 90.0 MPH)
Runner from 3rd tags up, SCORES, throw by RF
Batting: RHB John Chiesa 0-0: Ball
1-0: Ball
2-0: Called Strike
2-1: Ball
3-1: Ground out 6-3 (Groundball, 6, EV 84.4 MPH)
Bottom of the 2nd over - 3 runs, 3 hits, 0 errors, 0 left on base; Kannapolis 1 - Greenville 3
TOP OF THE 3RD
Kannapolis Intimidators batting - Pitching for Greenville Drive : RHP Guillermo de Leon
Batting: LHB John Thurman 0-0: Ball
1-0: Fly out, F9 (Flyball, 9LS, EV 73.8 MPH)
Batting: RHB Mike Warzecha 0-0: Ball
1-0: Ball
2-0: Ball
3-0: Called Strike
3-1: Ground out 4-3 (Groundball, 4, EV 83.1 MPH)
Batting: LHB Dustin Taylor 0-0: Ball
1-0: Ball
2-0: Foul Ball, location: 2F
2-1: Ball
3-1: Called Strike
3-2: Base on Balls
Batting: LHB Angel Tellez 0-0: Called Strike
0-1: Called Strike
0-2: Ball
Dustin Taylor is caught stealing 2nd base 2-6
Top of the 3rd over - 0 runs, 0 hits, 0 errors, 0 left on base; Kannapolis 1 - Greenville 3
BOTTOM OF THE 3RD
Greenville Drive batting - Pitching for Kannapolis Intimidators : LHP Victor Colon
Batting: RHB Devon Fourcade 0-0: Swinging Strike
0-1: Ball
1-1: SINGLE (Groundball, 6MD, EV 101.9 MPH)
Batting: RHB Dave Nickerson 0-0: Fielders Choice at 2nd, 5-4 (Groundball, 56S, EV 83.1 MPH)
Batting: RHB Paul Long 0-0: Called Strike
0-1: Ball
1-1: Ball
2-1: Called Strike
2-2: Ball
3-2: Foul Ball, location: 2F
3-2: Strikes out swinging
Batting: RHB Tommy Boudreaux 0-0: Ball
1-0: Foul Ball, location: 2F
1-1: Ball
2-1: Called Strike
2-2: Ball
3-2: Base on Balls
Dave Nickerson to second
Batting: LHB Jarrett Mordecai 0-0: Ball
1-0: SINGLE (Line Drive, 8RS, EV 96.2 MPH)
Dave Nickerson to third
Tommy Boudreaux to second
Runner from 3rd tries for Home, SAFE, throw by CF to home
Batting: LHB Sergio Tinoco 0-0: Ball
1-0: Swinging Strike
1-1: SINGLE (Flyball, 56D, EV 88.8 MPH)
Tommy Boudreaux to third
Jarrett Mordecai to second
Runner from 3rd tries for Home, SAFE, throw by LF to home
Pitching: RHP Jose Leal
Batting: LHB Tony Rivera 0-0: Foul Ball, location: 2F
0-1: Ball
1-1: Ball
2-1: Foul Ball, location: 2F
2-2: Hit by Pitch
Jarrett Mordecai to third
Sergio Tinoco to second
Batting: RHB Erik Nunez 0-0: Ball
1-0: Fielders Choice at 2nd, 6-4 (Groundball, 6, EV 88.8 MPH)
Bottom of the 3rd over - 2 runs, 3 hits, 0 errors, 3 left on base; Kannapolis 1 - Greenville 5
TOP OF THE 4TH
Kannapolis Intimidators batting - Pitching for Greenville Drive : RHP Guillermo de Leon
Batting: LHB Angel Tellez 0-0: Ball
1-0: Foul Ball, location: 2F
1-1: Called Strike
1-2: Fly out, F7 (Flyball, 7D, EV 87.5 MPH)
Batting: RHB Jose Medina 0-0: Ground out 6-3 (Groundball, 6S, EV 80.6 MPH)
Batting: RHB Micah Brown 0-0: Fly out, F8 (Flyball, 8RD, EV 100.6 MPH)
Top of the 4th over - 0 runs, 0 hits, 0 errors, 0 left on base; Kannapolis 1 - Greenville 5
BOTTOM OF THE 4TH
Greenville Drive batting - Pitching for Kannapolis Intimidators : RHP Jose Leal
Batting: RHB John Chiesa 0-0: Called Strike
0-1: Ball
1-1: Fly out, F8 (Flyball, 8RXD, EV 103.1 MPH)
Batting: RHB Devon Fourcade 0-0: Ball
1-0: Ball
2-0: Ball
3-0: Foul Ball, location: 2F
3-1: Foul Ball, location: 2F
3-2: Strikes out looking
Batting: RHB Dave Nickerson 0-0: Ball
1-0: Ground out 5-3 (Groundball, 56, EV 82.5 MPH)
Bottom of the 4th over - 0 runs, 0 hits, 0 errors, 0 left on base; Kannapolis 1 - Greenville 5
TOP OF THE 5TH
Kannapolis Intimidators batting - Pitching for Greenville Drive : RHP Guillermo de Leon
Batting: LHB Alberto Carrasco 0-0: Ball
1-0: TRIPLE (Flyball, 8LXD, EV 91.2 MPH)
Batting: RHB Tyrell Camp 0-0: Called Strike
0-1: Ball
1-1: Ball
2-1: Foul Ball, location: 2F
2-2: Ball
3-2: Ground out 4-3 (Groundball, 4M, EV 86.9 MPH)
Alberto Carrasco scores
Batting: RHB Danny Longoria 0-0: Called Strike
0-1: Ball
1-1: Foul Ball, location: 2F
1-2: Ball
2-2: Ball
3-2: Base on Balls
Batting: LHB John Thurman 0-0: Ball
1-0: Foul Ball, location: 2F
1-1: Foul Ball, location: 2F
1-2: Grounds into double play, 4-6-3 (Groundball, 4, EV 101.9 MPH)
Top of the 5th over - 1 run, 1 hit, 0 errors, 0 left on base; Kannapolis 2 - Greenville 5
BOTTOM OF THE 5TH
Greenville Drive batting - Pitching for Kannapolis Intimidators : RHP Jose Leal
Batting: RHB Paul Long 0-0: Swinging Strike
0-1: Foul Ball, location: 2F
0-2: Strikes out swinging
Batting: RHB Tommy Boudreaux 0-0: Ball
1-0: Called Strike
1-1: Swinging Strike
1-2: Ball
2-2: Foul Ball, location: 2F
2-2: SOLO HOME RUN (Flyball, 7LD, EV 91.2 MPH), Distance : 339 ft
Batting: LHB Jarrett Mordecai 0-0: Ball
1-0: Ball
2-0: Foul Ball, location: 2F
2-1: Ball
3-1: Ground out 3-1 (Groundball, 34, EV 86.9 MPH)
Batting: LHB Sergio Tinoco 0-0: Ball
1-0: Ball
2-0: Foul Ball, location: 2F
2-1: Ball
3-1: Base on Balls
Batting: LHB Tony Rivera 0-0: Called Strike
Sergio Tinoco steals 2nd base
0-1: Ground out U3 (Groundball, 3, EV 86.9 MPH)
Bottom of the 5th over - 1 run, 1 hit, 0 errors, 1 left on base; Kannapolis 2 - Greenville 6
TOP OF THE 6TH
Kannapolis Intimidators batting - Pitching for Greenville Drive : RHP Guillermo de Leon
Batting: RHB Mike Warzecha 0-0: Ground out 5-3 (Groundball, 5S, EV 81.9 MPH)
Batting: LHB Dustin Taylor 0-0: Fly out, F4 (Flyball, 34D, EV 74.4 MPH)
Batting: LHB Angel Tellez 0-0: Ball
1-0: Swinging Strike
1-1: Ball
2-1: SOLO HOME RUN (Flyball, 78XD, EV 110.0 MPH), Distance : 425 ft
Batting: RHB Jose Medina 0-0: Called Strike
0-1: Foul Ball, location: 2F
0-2: Strikes out swinging
Top of the 6th over - 1 run, 1 hit, 0 errors, 0 left on base; Kannapolis 3 - Greenville 6
BOTTOM OF THE 6TH
Greenville Drive batting - Pitching for Kannapolis Intimidators : RHP Jose Leal
Batting: RHB Erik Nunez 0-0: Swinging Strike
0-1: Called Strike
0-2: Ball
1-2: Strikes out swinging
Batting: RHB John Chiesa 0-0: Ball
1-0: Swinging Strike
1-1: Ball
2-1: Ground out 5-3 (Groundball, 56, EV 88.8 MPH)
Batting: RHB Devon Fourcade 0-0: Called Strike
0-1: Ball
1-1: Ball
2-1: Foul Ball, location: 2F
2-2: Ground out 6-3 (Groundball, 6, EV 80.6 MPH)
Bottom of the 6th over - 0 runs, 0 hits, 0 errors, 0 left on base; Kannapolis 3 - Greenville 6
TOP OF THE 7TH
Kannapolis Intimidators batting - Pitching for Greenville Drive : RHP Guillermo de Leon
Batting: RHB Micah Brown 0-0: Ball
1-0: Called Strike
1-1: Foul Ball, location: 2F
1-2: Ball
2-2: Foul Ball, location: 2F
2-2: Ball
3-2: Foul Ball, location: 2F
3-2: Strikes out looking
Batting: LHB Alberto Carrasco 0-0: Ball
1-0: Ball
2-0: Fly out, F3 (Line Drive, 3, EV 67.5 MPH)
Batting: RHB Tyrell Camp 0-0: Called Strike
0-1: DOUBLE (Line Drive, 7LM, EV 99.4 MPH)
Batting: RHB Danny Longoria 0-0: Foul Ball, location: 2F
0-1: Swinging Strike
0-2: Ball
1-2: Ball
Wild Pitch!
Tyrell Camp to third
2-2: Ball
3-2: DOUBLE (Flyball, 89D, EV 102.5 MPH)
Tyrell Camp scores
Pitching: RHP Cameron Williams
Batting: LHB John Thurman 0-0: Ball
1-0: Fly out, F8 (Flyball, 8RS, EV 84.4 MPH)
Top of the 7th over - 1 run, 2 hits, 0 errors, 1 left on base; Kannapolis 4 - Greenville 6
BOTTOM OF THE 7TH
Greenville Drive batting - Pitching for Kannapolis Intimidators : RHP Jose Leal
Pitching: LHP Donald Brannon
Batting: RHB Dave Nickerson 0-0: Foul Ball, location: 2F
0-1: Swinging Strike
0-2: Foul Ball, location: 2F
0-2: Ball
1-2: SINGLE (Flyball, 56D, EV 96.9 MPH)
Batting: RHB Paul Long 0-0: SINGLE (Flyball, 6D, EV 97.5 MPH)
Dave Nickerson to second
Batting: RHB Tommy Boudreaux 0-0: Ball
1-0: Ball
2-0: Ball
3-0: Base on Balls
Dave Nickerson to third
Paul Long to second
Batting: LHB Jarrett Mordecai 0-0: Ball
1-0: Foul Ball, location: 2F
1-1: Foul Ball, location: 2F
1-2: Ball
2-2: Ball
3-2: Foul Ball, location: 2F
3-2: Foul Ball, location: 2F
3-2: Base on Balls
Dave Nickerson scores
Paul Long to third
Tommy Boudreaux to second
Batting: LHB Sergio Tinoco 0-0: Ball
1-0: Called Strike
1-1: Foul Ball, location: 2F
1-2: Ball
2-2: Strikes out swinging
Batting: LHB Tony Rivera 0-0: Foul Ball, location: 2F
0-1: Called Strike
0-2: SINGLE (Line Drive, 34, EV 94.4 MPH)
Paul Long scores
Tommy Boudreaux to third
Jarrett Mordecai to second
Batting: RHB Erik Nunez 0-0: Ball
1-0: Ball
2-0: Ball
3-0: Base on Balls
Tommy Boudreaux scores
Jarrett Mordecai to third
Tony Rivera to second
Pitching: LHP Ienari Kitahara
Batting: RHB John Chiesa 0-0: Ball
1-0: Ball
2-0: Swinging Strike
2-1: Ball
3-1: Foul Ball, location: 2F
3-2: Foul Ball, location: 2F
3-2: Base on Balls
Jarrett Mordecai scores
Tony Rivera to third
Erik Nunez to second
Batting: RHB Devon Fourcade 0-0: Called Strike
0-1: Foul Ball, location: 2F
0-2: Fly out, F7 (Flyball, 7LM, EV 85.0 MPH)
Runner from 3rd tags up, SCORES, throw by LF
Batting: RHB Dave Nickerson 0-0: Ball
1-0: Ball
2-0: Foul Ball, location: 2F
2-1: Foul Ball, location: 2F
2-2: Foul Ball, location: 2F
2-2: Foul Ball, location: 2F
2-2: Strikes out swinging
Bottom of the 7th over - 5 runs, 3 hits, 0 errors, 2 left on base; Kannapolis 4 - Greenville 11
TOP OF THE 8TH
Kannapolis Intimidators batting - Pitching for Greenville Drive : RHP Cameron Williams
Pinch Hitting: RHB Ching-hsia Zhang 0-0: Called Strike
0-1: Ball
1-1: Ball
2-1: SINGLE (Line Drive, 6, EV 94.4 MPH)
Pinch Hitting: LHB Francisco Mayorga 0-0: Called Strike
0-1: Ball
1-1: Ball
2-1: Called Strike
2-2: Strikes out swinging
Batting: LHB Angel Tellez 0-0: Called Strike
0-1: Foul Ball, location: 2F
0-2: Ball
1-2: Strikes out swinging
Batting: RHB Jose Medina 0-0: Swinging Strike
0-1: Foul Ball, location: 2F
0-2: Foul Ball, location: 2F
0-2: Ball
1-2: Strikes out swinging
Top of the 8th over - 0 runs, 1 hit, 0 errors, 1 left on base; Kannapolis 4 - Greenville 11
BOTTOM OF THE 8TH
Greenville Drive batting - Pitching for Kannapolis Intimidators : LHP Ienari Kitahara
Now at 2B: Ching-hsia Zhang
Now in LF: Francisco Mayorga
Batting: RHB Paul Long 0-0: Ball
1-0: Ball
2-0: Ball
3-0: Base on Balls
Pinch Hitting: RHB Dan Sorrow 0-0: Ball
1-0: Foul Ball, location: 2F
1-1: Foul Ball, location: 2F
1-2: Strikes out looking
Pinch Hitting: SHB Rafael Perez 0-0: Ball
1-0: Grounds into double play, 5-4-3 (Groundball, 56, EV 85.0 MPH)
Bottom of the 8th over - 0 runs, 0 hits, 0 errors, 0 left on base; Kannapolis 4 - Greenville 11
TOP OF THE 9TH
Kannapolis Intimidators batting - Pitching for Greenville Drive : RHP Cameron Williams
Now at 1B: Datu Callanta
Now in CF: Dan Sorrow
Now in RF: John Chiesa
Batting: RHB Micah Brown 0-0: Foul Ball, location: 2F
0-1: Ball
1-1: SINGLE (Line Drive, 7LS, EV 104.4 MPH)
Batting: LHB Alberto Carrasco 0-0: Ball
1-0: SINGLE (Line Drive, 34D, EV 106.9 MPH)
Micah Brown to second
Pitching: LHP Jason Kell
Pinch Hitting: SHB Tadaaki Kondo 0-0: Fly out, F9 (Flyball, 9S, EV 90.0 MPH)
Batting: RHB Danny Longoria 0-0: Ball
1-0: Ball
2-0: Fly out, F9 (Flyball, 9, EV 88.1 MPH)
Pinch Hitting: RHB Mark Jones 0-0: Foul Ball, location: 2F
0-1: Fly out, F1 (Line Drive, P, EV 75.6 MPH)
Top of the 9th over - 0 runs, 2 hits, 0 errors, 2 left on base; Kannapolis 4 - Greenville 11
Thursday, March 31st , 2022 - OOTP Baseball 22.12 Build 89